 Dungeon Crawl Stone Soup version 0.31-a0-931-g7b59d4eb97 (webtiles) character file.

Game seed: 18166760171469917912

12 Hubris850 the Ruffian (level 2, -4/23 HPs)
             Began as a Draconian Shapeshifter on Oct 19, 2023.
             Slain by a cerulean imp
             ... wielding a +1 spear
             ... summoned by Natasha
              (6 damage)
             ... on level 2 of the Dungeon.
             The game lasted 00:02:06 (764 turns).

Hubris850 the Ruffian (Draconian Shapeshifter)       Turns: 764, Time: 00:02:06

Health: -4/23      AC:  4    Str: 16    XL:     2   Next: 20%
Magic:  3/3        EV: 12    Int: 10    God:
Gold:   34         SH:  0    Dex: 10    Spells: 1/2 levels left

rFire   . .          .
                       - Unarmed
rCold   . . .        (no shield)
rNeg    . . .        (body armour unavailable)
rPois   .            (helmet currently unavailable)
rElec   .            e - melded +0 cloak
rCorr   .            d - melded +0 pair of gloves
SInv    .            (boots currently unavailable)
Will    .....        (no amulet)
Stlth   +            (no ring)
HPRegen 0.23/turn    (no ring)
MPRegen 0.08/turn

%: no passive effects
@: beast-form
A: beast (slay +1), AC +4, unfitting armour, cold-blooded
a: Begin Untransformation


You were on level 2 of the Dungeon.
You were a hulking beast.
You visited 1 branch of the dungeon, and saw 2 of its levels.

You collected 34 gold pieces.

Inventory:

Missiles
 f - 3 poisoned darts (quivered)
Armour
 d - a +0 pair of gloves (melded)
 e - a +0 cloak (melded)
Talismans
 b - a beast talisman (active)
 c - a flux talisman
Scrolls
 h - 2 scrolls of amnesia {unknown}
Potions
 a - a potion of lignification
 g - a potion of brilliance {unknown}


   Skills:
 - Level 1.1 Fighting
 - Level 1.7 Dodging
 + Level 3.2 Unarmed Combat
 + Level 0.7 Spellcasting
 + Level 0.0 Earth Magic
 + Level 3.2 Shapeshifting


You had one spell level left.
You knew the following spells:

 Your Spells              Type           Power      Damage    Failure   Level
a - Sandblast             Erth           0%         2d4       34%         1

Your spell library contained the following spells:

 Spells                   Type           Power      Damage    Failure   Level
 Sting                    Tmut/Pois      0%         1d3       34%         1
 Lee's Rapid Deconstruct  Erth           0%         3d4*      100%        5
 Shatter                  Erth           0%         3d5*      100%        9
 Animate Armour           Summ/Erth      Unusable   N/A       N/A         4

Dungeon Overview and Level Annotations

Branches:
Dungeon (2/15)

Altars:

Annotations:
D:2 Natasha


Innate Abilities, Weirdness & Mutations

You are a hulking beast.
Your limbs bulge with bestial killing power. (Slay +1)
Your plain brown scales are hard. (AC +4)
You cannot fit into any form of body armour.
You are cold-blooded and may be slowed by cold attacks.


Message History

Natasha is moderately wounded.
The cerulean imp barely misses you. Natasha barely misses you.
You closely miss Natasha.
Natasha is moderately wounded.
The cerulean imp barely misses you.
You closely miss Natasha.
Natasha is moderately wounded.
Natasha barely misses you.
The cerulean imp hits you from afar with a +1 spear.
You hit Natasha.
Natasha is heavily wounded.
Natasha claws you.
The cerulean imp hits you but does no damage.
You hit Natasha.
Natasha is heavily wounded.
Natasha claws you.
The cerulean imp hits you from afar with a +1 spear.
You hit Natasha.
Natasha is severely wounded.
Natasha completely misses you.
The cerulean imp hits you from afar with a +1 spear.
You barely miss Natasha.
Natasha is severely wounded.
Natasha claws you.
* * * LOW HITPOINT WARNING * * *
The cerulean imp hits you from afar with a +1 spear.
* * * LOW HITPOINT WARNING * * *
You barely miss Natasha.
Natasha is severely wounded.
Natasha claws you but does no damage.
The cerulean imp hits you from afar with a +1 spear.
* * * LOW HITPOINT WARNING * * *
You barely miss Natasha.
Your tail-slap misses Natasha.
Natasha is severely wounded.
Natasha closely misses you. The cerulean imp closely misses you.
You hit Natasha.
Natasha is severely wounded.
Natasha claws you but does no damage.
The cerulean imp hits you from afar with a +1 spear.
You die...

#.. .. # ..
#.#.####
>.....####
.......
#.#...##
#...h..#
#....h5...#
#.<.......##
#...........#
#........(#..
##.......## #
.......##
####...##


You could see Natasha and a cerulean imp (summoned).

Vanquished Creatures
  A dart slug (D:1)
  2 endoplasms (D:1)
  A goblin (D:1)
  2 hobgoblins (D:1)
  A kobold (D:1)
  3 rats (D:1)
10 creatures vanquished.

Notes
Turn   | Place    | Note
-------+----------+-------------------------------------------
     0 | D:1      | Hubris850 the Draconian Shapeshifter began the quest for
                  | the Orb.
     0 | D:1      | Reached XP level 1. HP: 16/16 MP: 1/1
    32 | D:1      | Got the Vellum of the Dusty Xenotype
   437 | D:1      | Reached XP level 2. HP: 21/23 MP: 1/3
   524 | D:1      | Learned a level 1 spell: Sandblast
   731 | D:2      | Noticed Natasha
   762 | D:2      | HP: 1/23 [cerulean imp/+1 spear[Natasha] (4)]
   764 | D:2      | Slain by a cerulean imp

Illustrated notes

Levels and vault maps discovered:
D:1:      reono_arrival_mine, layout_basic
D:2:      layout_loops_ring, serial_forest, infiniplex_forest_clump_large,
          infiniplex_forest_zigzag_1, infiniplex_forest_clump_C,
          infiniplex_forest_straight_4, infiniplex_forest_straight_1,
          infiniplex_forest_straight_2, reono_crystal_passage, uniq_jessica,
          uniq_natasha

Action                     || total
---------------------------++-------
  Melee: Unarmed           ||    28
  Throw: Dart              ||     1
Ability: Begin Untransform ||     1
 Armour: Skin              ||    23
  Dodge: Dodged            ||    14
   Form: Beast             ||     1

Table legend: (Time is in decaauts)
 A = Elapsed time spent in this place.
 B = Non-inter-level travel time spent in this place.
 C = Inter-level travel time spent in this place.
 D = Time resting spent in this place.
 E = Time spent auto-exploring this place.
 F = Levels seen in this place.
 G = Mean time per level.
                   A        B        C        D        E       F      G
               +--------+--------+--------+--------+--------+-----+--------+
         Total |    763 |    753 |     10 |     14 |    621 |   2 |  381.5 |
       Dungeon |    763 |    753 |     10 |     14 |    621 |   2 |  381.5 |
               +--------+--------+--------+--------+--------+-----+--------+

Top non-repeatable levels by time:
     D:1: 749 daAuts
     D:2: 14 daAuts
